 Dungeon Crawl Stone Soup version 0.30.0-13-g156ef70053 (webtiles) character file.

Game seed: 17485762173600049677

7896 browni3141 the Arsonist (level 11, 0/77 HPs)
             Began as a Demonspawn Fire Elementalist on May 17, 2023.
             Was an Initiate of Gozag.
             Slain by Urug
             ... wielding a +0 eveningstar of protection
              (17 damage)
             ... on level 1 of the Lair of Beasts.
             The game lasted 00:18:10 (13047 turns).

browni3141 the Arsonist (DsFE)                     Turns: 13047, Time: 00:18:11

Health: 0/77       AC:  8    Str:  8    XL:     11   Next: 2%
Magic:  1/15       EV: 15    Int: 20    God:    Gozag
Gold:   777        SH:  0    Dex: 15    Spells: 13/16 levels left

rFire   + . .        U - +1 short sword (drain)
rCold   . . .        (no shield)
rNeg    . . .        s - +2 ring mail {Will+}
rPois   .            (helmet restricted)
rElec   .            (no cloak)
rCorr   .            r - +0 pair of gloves
SInv    +            (no boots)
Will    +....        G - amulet of the acrobat
Stlth   +            L - ring of see invisible
HPRegen 0.32/turn    R - ring of protection from fire
MPRegen 0.14/turn

%: acrobat
@: mighty, agile
A: horns 1, powered by pain 2, weakness stinger 2
a: Renounce Religion, Potion Petition, Call Merchant, Bribe Branch


You were on level 1 of the Lair of Beasts.
You worshipped Gozag.
Gozag was pleased with you.
You visited 3 branches of the dungeon, and saw 11 of its levels.

You collected 905 gold pieces.
You paid 128 gold pieces to Gozag.

Inventory:

Hand Weapons
 U - a +1 short sword of draining (weapon)
Missiles
 u - 3 curare-tipped darts
 J - 18 poisoned darts
 T - 3 boomerangs
 X - 3 javelins
Armour
 a - a +0 robe
 n - an orb of guile
 r - a +0 pair of gloves (worn)
 s - a +2 ring mail of willpower (worn)
 Q - a +0 pair of boots
Magical Staves
 W - a staff of air
Jewellery
 v - a ring of fire
 F - the amulet of Royalty {Spirit Harm}
   (You took it off an orc on level 5 of the Dungeon)

   [amulet of guardian spirit]

   It causes incoming damage to be divided between your reserves of health and
   magic.
   Harm:      It increases damage dealt and taken.
 G - an amulet of the acrobat (around neck)
 L - a ring of see invisible (left hand)
 R - a ring of protection from fire (right hand)
 Z - a ring of wizardry
Wands
 P - a wand of mindburst (22)
 V - a wand of flame (13)
Scrolls
 l - a scroll of acquirement {unknown}
 o - 12 scrolls of identify {unknown}
 p - 2 scrolls of blinking {unknown}
 q - a scroll of immolation {unknown}
 t - 2 scrolls of amnesia {unknown}
 y - a scroll of magic mapping {unknown}
 z - a scroll of torment {unknown}
 A - 2 scrolls of fear {unknown}
 C - 2 scrolls of teleportation {unknown}
 E - a scroll of enchant armour {unknown}
 H - a scroll of fog {unknown}
 N - a scroll of vulnerability {unknown}
 O - 2 scrolls of noise {unknown}
Potions
 h - a potion of haste
 j - a potion of lignification {unknown}
 k - a potion of resistance {unknown}
 m - a potion of magic
 w - a potion of degeneration {unknown}
 x - a potion of berserk rage {unknown}
 D - 3 potions of mutation {unknown}
 I - a potion of flight {unknown}
 K - a potion of attraction {unknown}
 M - a potion of might
 S - 3 potions of brilliance {unknown}
 Y - 2 potions of heal wounds {unknown}


   Skills:
 - Level 4.0 Fighting
 - Level 4.0 Short Blades
 - Level 2.1 Dodging
 - Level 2.1 Stealth
 - Level 3.0 Spellcasting
 - Level 3.0 Conjurations
 * Level 14.1 Fire Magic


You had 13 spell levels left.
You knew the following spells:

 Your Spells              Type           Power      Damage    Failure   Level
x - Scorch                Fire           100%       2d9       1%          2
z - Foxfire               Conj/Fire      100%       2x1d9     1%          1

Your spell library contained the following spells:

 Spells                   Type           Power      Damage    Failure   Level
 Inner Flame              Hex/Fire       31%        N/A       8%          3
 Volatile Blastmotes      Fire/Tloc      62%        2d15      8%          3
 Flame Wave               Conj/Fire      37%        2d10      13%         4
 Momentum Strike          Conj/Tloc      18%        3d8       34%         2
 Blink                    Tloc           6%         N/A       54%         2
 Lesser Beckoning         Tloc           6%         N/A       54%         2
 Frozen Ramparts          Ice            6%         1d1       78%         3
 Tukima's Dance           Hex            3%         N/A       78%         3
 Ice Form                 Ice/Tmut       3%         N/A       99%         4
 Passage of Golubria      Tloc           3%         N/A       99%         4
 Summon Ice Beast         Ice/Summ       3%         N/A       99%         4
 Yara's Violent Unravell  Hex/Tmut       1%         3d3       100%        5


Dungeon Overview and Level Annotations

Branches:
Dungeon (9/15)             Temple (1/1) D:7            Lair (1/5) D:8
    Orc: D:9-12

Altars:
Ashenzari
Cheibriados
Dithmenos
Fedhas
Gozag
Hepliaklqana
Kikubaaqudgha
Makhleb
Okawaru
Ru
Sif Muna
Trog
Wu Jian
Xom
Yredelemnul

Shops:
D:2 [   D:8 :

Annotations:
D:8 1 runed translucent door, retardedninja's ghost, novice GnFE
Lair:1 Urug


Innate Abilities, Weirdness & Mutations

You have a pair of small horns on your head.
You sometimes gain power by taking damage.
You have a tail ending in a sharp stinger.


Message History

You closely miss the yak. You headbutt the yak.
The yak is almost dead.
You are too injured to fight recklessly!
You puncture the yak!
You kill the yak!
You feel a little less mighty now.
Key pressed, stopping explore.
HP restored.
You now have 777 gold pieces (gained 10).
Urug the Orcish Ballista comes into view.
She is wielding a +0 eveningstar of protection, wearing a +3 scale mail of willpower and quivering silver javelins.
Urug is nearby!
Urug is nearby!
You conjure some foxfire!
You conjure some foxfire!
The foxfire hits Urug.
Urug is lightly wounded.
The foxfire hits Urug.
Urug is lightly wounded.
You conjure some foxfire!
The foxfire hits Urug but does no damage.
Urug is lightly wounded.
The foxfire hits Urug.
Urug is lightly wounded.
Casting: Foxfire (safe; 1% risk of failure)
Confirm with . or Enter, or press ? or * to list all spells.
Flames lash Urug.
Urug is moderately wounded.
Urug's fire resistance burns away.
The foxfire hits Urug but does no damage.
Urug is moderately wounded.
The foxfire hits Urug.
Urug is moderately wounded.
Casting: Scorch (safe; 1% risk of failure)
Confirm with . or Enter, or press ? or * to list all spells.
Flames lash Urug.
Urug is burned terribly!
Urug is moderately wounded.
Casting: Scorch (safe; 1% risk of failure)
Confirm with . or Enter, or press ? or * to list all spells.
Flames lash Urug.
Urug is burned terribly!
Urug is heavily wounded.
Urug throws a silver javelin.
The silver javelin pierces through you!!
The silver sears you!
Casting: Scorch (safe; 1% risk of failure)
Confirm with . or Enter, or press ? or * to list all spells.
Flames lash Urug but do no damage.
Casting: Scorch (safe; 1% risk of failure)
Confirm with . or Enter, or press ? or * to list all spells.
Flames lash Urug.
Urug is burned terribly!
Urug is severely wounded.
Urug completely misses you.
Casting: Scorch (safe; 1% risk of failure)
Confirm with . or Enter, or press ? or * to list all spells.
Flames lash Urug.
Urug is burned terribly!
Urug is severely wounded.
Urug hits you with a +0 eveningstar of protection!
Aiming: Mindburst
Press: ? - help, Shift-Dir - straight line, f - Urug
Aim: Urug, wielding a +0 eveningstar of protection, wearing a +3 scale mail of willpower and quivering silver javelins (severely wounded, more vulnerable to fire, chance to affect: 16%) Urug resists with almost no effort.
Urug screams, "You are already dead."
Urug closely misses you.
Aiming: Mindburst
Press: ? - help, Shift-Dir - straight line, f/p - Urug
Aim: Urug, wielding a +0 eveningstar of protection, wearing a +3 scale mail of willpower and quivering silver javelins (severely wounded, more vulnerable to fire, chance to affect: 16%)
Okay, then.
You are too injured to fight recklessly!
You are too injured to fight recklessly!
You are too injured to fight recklessly!
You are too injured to fight recklessly!
Aiming: Fastroot
Press: ? - help, Shift-Dir - straight line, f/p - Urug
Aim: Urug, wielding a +0 eveningstar of protection, wearing a +3 scale mail of willpower and quivering silver javelins (severely wounded, more vulnerable to fire)
The roots erupt in riotous growth!
Roots grab Urug.
The now-empty wand crumbles to dust.
The grasping roots constrict Urug, but do no damage.
You hear a bellow!
Urug hits you with a +0 eveningstar of protection!!
* * * LOW HITPOINT WARNING * * *
You focus on the pain.
You feel agile all of a sudden.
You hit Urug but do no damage.
Urug is severely wounded.
The grasping roots constrict Urug.
Urug squints and says, "My one eye mightn't be all that good, but I can see you just fine with it, harpy."
Urug hits you with a +0 eveningstar of protection.
* * * LOW HITPOINT WARNING * * *
You hit Urug but do no damage. You headbutt Urug, but do no damage.
You tail-slap Urug, but do no damage.
Urug is severely wounded.
The grasping roots constrict Urug.
The roots release their grip on Urug.
Urug hits you with a +0 eveningstar of protection!
* * * LOW HITPOINT WARNING * * *
Casting: Scorch (safe; 1% risk of failure)
Confirm with . or Enter, or press ? or * to list all spells.
Okay, then.
You feel very mighty all of a sudden.
Urug hits you with a +0 eveningstar of protection!
You die...
Your body crumbles into a pile of gold.

..........#
#.........#
..........#
#........#
#.......#
#..(...# #..o..#
#..@.## #.....#
#....## #.....#
#....## ~~ ###
#....#
≈.~#P.#####....##
.~~.............#
#.............#


You could see Urug (combustible).

Vanquished Creatures
  A two-headed ogre (D:8)
  Sonja (Lair:1)
  Amaemon (D:8)
  An orange demon (D:8)
  2 cane toads (Lair:1)
  Maggie (D:8)
  A komodo dragon (Lair:1)
  A wyvern (D:7)
  4 yaks
  2 steam dragons (D:7)
  3 water moccasins
  3 black bears
  An orc warrior (D:7)
  4 sky beasts
  2 ogres
  2 ice beasts
  A centaur (D:6)
  3 kobold brigands
  A phantom (D:5)
  Blork the orc (D:3)
  5 bullfrogs
  A gnoll sergeant (D:7)
  6 scorpions
  3 wights (D:7)
  4 jellies
  7 hounds
  Jessica (D:3)
  7 iguanas
  2 sleepcaps
  3 orc wizards
  13 gnolls
  11 adders
  2 white imps
  3 ufetubi
  3 worms (D:2)
  5 dart slugs
  33 orcs
  4 bats
  6 endoplasms
  5 giant cockroaches
  5 goblins
  4 hobgoblins
  8 jackals
  8 quokkas
  10 ball pythons
  A frilled lizard (D:1)
  18 kobolds
  5 rats
  A butterfly (D:5)
220 creatures vanquished.

Vanquished Creatures (others)
  A hound (D:7)
  491 foxfires
492 creatures vanquished.

Grand Total: 712 creatures vanquished

Notes
Turn   | Place    | Note
-------+----------+-------------------------------------------
     0 | D:1      | browni3141 the Demonspawn Fire Elementalist began the quest
                  | for the Orb.
     0 | D:1      | Reached XP level 1. HP: 13/13 MP: 3/3
   363 | D:1      | Discovered your monstrous ancestry.
   363 | D:1      | Gained mutation: You have a small tail. [demonic ancestry]
   363 | D:1      | Reached XP level 2. HP: 19/19 MP: 0/5
   859 | D:1      | Reached skill level 3 in Fire Magic
   859 | D:1      | Gained mutation: You sometimes gain a little power by
                  | taking damage. [demonic ancestry]
   859 | D:1      | Reached XP level 3. HP: 24/24 MP: 3/6
  1935 | D:2      | Reached XP level 4. HP: 30/30 MP: 2/7
  2791 | D:2      | Reached skill level 4 in Fire Magic
  2880 | D:2      | Found Udghairr's Antique Armour Emporium.
  3146 | D:2      | Learned a level 2 spell: Scorch
  3282 | D:3      | Found a burning altar of Makhleb.
  4061 | D:3      | Noticed Jessica
  4065 | D:3      | Killed Jessica
  4066 | D:3      | Gained mutation: You have a tail ending in a sharp stinger.
                  | [demonic ancestry]
  4066 | D:3      | Reached XP level 5. HP: 35/35 MP: 3/8
  4111 | D:3      | Found a shimmering blue altar of Sif Muna.
  4187 | D:4      | Noticed an ogre
  4240 | D:4      | Reached skill level 5 in Fire Magic
  4467 | D:4      | Noticed Blork the orc
  4614 | D:3      | Killed Blork the orc
  4615 | D:3      | Reached XP level 6. HP: 6/43 MP: 1/9
  5252 | D:4      | Gained mutation: You have a pair of small horns on your
                  | head. [demonic ancestry]
  5252 | D:4      | Reached XP level 7. HP: 26/50 MP: 5/11
  5254 | D:4      | Reached skill level 3 in Spellcasting
  5385 | D:4      | Reached skill level 6 in Fire Magic
  5564 | D:4      | Reached skill level 3 in Conjurations
  5628 | D:5      | Entered Level 5 of the Dungeon
  5960 | D:5      | Reached skill level 7 in Fire Magic
  6145 | D:5      | Identified the amulet of Royalty {Spirit Harm}
  6270 | D:5      | Found a shimmering altar of Xom.
  6370 | D:5      | Reached XP level 8. HP: 56/56 MP: 4/12
  6676 | D:5      | Reached skill level 8 in Fire Magic
  6839 | D:5      | Noticed a troll
  7106 | D:5      | Reached skill level 9 in Fire Magic
  7710 | D:6      | Reached skill level 10 in Fire Magic
  7759 | D:6      | Found a blossoming altar of Fedhas.
  7760 | D:6      | Found an ancient bone altar of Kikubaaqudgha.
  7909 | D:6      | Reached XP level 9. HP: 62/62 MP: 13/13
  8377 | D:7      | Found a staircase to the Ecumenical Temple.
  8396 | Temple   | Entered the Ecumenical Temple
  8412 | D:7      | Reached skill level 3 in Fighting
  9053 | Temple   | Became a worshipper of Gozag Ym Sagoz the Greedy
  9228 | D:7      | Reached skill level 3 in Short Blades
 10005 | D:7      | Found a hazy altar of Hepliaklqana.
 10095 | D:8      | Found a broken altar of Ashenzari.
 10107 | D:8      | Noticed an orange demon
 10107 | D:8      | Noticed Amaemon
 10479 | D:8      | Noticed Maggie
 10499 | D:7      | Reached skill level 11 in Fire Magic
 10725 | D:8      | Noticed a two-headed ogre
 10882 | D:8      | Killed an orange demon
 10883 | D:8      | Reached XP level 10. HP: 71/71 MP: 5/14
 10901 | D:8      | Killed Amaemon
 10902 | D:8      | Reached skill level 12 in Fire Magic
 11090 | D:8      | Found a snail-covered altar of Cheibriados.
 11198 | D:8      | Killed Maggie
 11221 | D:8      | Killed a two-headed ogre
 11415 | D:8      | Found a staircase to the Lair.
 11641 | D:8      | Found a runed translucent door.
 11644 | D:8      | Noticed retardedninja's ghost (novice GnFE)
 11731 | D:8      | Found Sararo's Self-Improvement Boutique.
 11975 | Lair:1   | Entered Level 1 of the Lair of Beasts
 12004 | Lair:1   | Noticed a cane toad
 12011 | Lair:1   | Reached skill level 13 in Fire Magic
 12072 | Lair:1   | Noticed a cane toad
 12078 | Lair:1   | Killed a cane toad
 12258 | Lair:1   | Noticed Sonja
 12265 | Lair:1   | Killed Sonja
 12450 | Lair:1   | Killed a cane toad
 12667 | Lair:1   | Reached skill level 14 in Fire Magic
 12850 | D:8      | Gained mutation: You sometimes gain power by taking damage.
                  | [demonic ancestry]
 12850 | D:8      | Reached XP level 11. HP: 38/77 MP: 15/15
 13032 | Lair:1   | Noticed Urug
 13047 | Lair:1   | Slain by Urug

Illustrated notes

Levels and vault maps discovered:
D:1:      dpeg_arrival_circle_labyrinth_c, layout_loops_ring,
          chequers_serial_rivers_micro_a, nrook_loot_triangle,
          reono_crystal_passage, minmay_surrounded
D:2:      layout_basic, serial_shops, shop
D:3:      layout_loops_ring, mainiacjoe_overflow_catwalk, tgw_sif,
          hangedman_decor_peaks_small, dk_noncrumbling_4
D:4:      layout_rooms, dreamdust_gnoll_farm, uniq_blork_the_orc
D:5:      cheibrodos_barr_body, layout_basic, xom_butterflies, st_stairs_1
D:6:      layout_basic, grunt_temple_overflow_growth_and_decay
D:7:      layout_basic, nicolae_hepliaklqana_hippocampus,
          minmay_temple_entry_tees
D:8:      layout_basic, kennysheep_slug_shrine, mainiacjoe_overflow_alcove_2,
          due_lair_maze_entry_diamond, ebering_ghost_reflecting_pool,
          dk_noncrumbling_3, nicolae_shop_self_help, uniq_maggie, uniq_amaemon
D:9:      layout_grid_maze, dancing_weapons_uskayaw,
          mainiacjoe_overflow_boulevard, grunt_qazlal_clouds,
          nicolae_figureground_pulse
Temple:   nicolae_temple_bog_church
Lair:1:   layout_gridlike, minmay_stone_trees_small,
          chequers_serial_rivers_large_a, grunt_megastairs_5, uniq_sonja,
          uniq_gastronok, uniq_urug

Skill      XL: |  1  2  3  4  5  6  7  8  9 10 |
---------------+-------------------------------+-----
Stealth        | 2 |  2.1
Dodging        | 2 |  2.1
Fire Magic     | 3 4 5 7 10 11 14 | 14.1
Fighting       | 1 2 4 |  4.0
Conjurations   | 2 3 |  3.0
Spellcasting   | 3 |  3.0
Short Blades   | 1 4 |  4.0

Action                     |  1- 3 |  4- 6 |  7- 9 | 10-12 || total
---------------------------+-------+-------+-------+-------++-------
  Melee: Unarmed           |    28 |    15 |       |       ||    43
         Tailslap          |     6 |    11 |    49 |    21 ||    87
         Short sword       |       |    34 |   306 |    81 ||   421
         Punch             |       |     2 |     3 |     1 ||     6
         Headbutt          |       |       |    60 |    34 ||    94
   Cast: Foxfire           |    62 |   107 |    98 |    25 ||   292
         Scorch            |       |     4 |    52 |    28 ||    84
  Evoke: Wand              |       |     1 |     2 |    21 ||    24
    Use: Potion            |       |       |       |     4 ||     4
   Stab: Sleeping          |     1 |       |       |       ||     1
         Distracted        |       |       |     1 |       ||     1
 Armour: Robe              |    11 |       |       |       ||    11
         Ring mail         |    17 |    56 |   177 |    35 ||   285
  Dodge: Dodged            |    45 |    50 |   258 |    71 ||   424
